 Dungeon Crawl Stone Soup version 0.28.0 (webtiles) character file.

Game seed: 5506807018437100022

2085 GloriousHammer the Grappler (level 9, -7/81 HPs)
             Began as a Troll Berserker on Feb 14, 2022.
             Was an Elder of Trog.
             Killed from afar by a manticore (11 damage)
             ... with a volley of spikes
             ... on level 7 of the Dungeon.
             The game lasted 00:19:39 (5865 turns).

GloriousHammer the Grappler (Troll Berserker)       Turns: 5865, Time: 00:19:39

Health: -7/81      AC:  4    Str: 29    XL:     9   Next: 6%
Magic:  8/8        EV: 10    Int:  5    God:    Trog [****..]
Gold:   171        SH:  0    Dex:  9    Spells: 8/8 levels left

rFire   . . .      SeeInvis .     - Unarmed
rCold   . . .      Faith    .   (no shield)
rNeg    . . .      Spirit   .   a - +0 animal skin
rPois   .          Reflect  .   (helmet restricted)
rElec   .          Harm     .   (no cloak)
rCorr   .          Rampage  .   (gloves unavailable)
Will    +....                   (boots unavailable)
Stlth   +.........              (no amulet)
HPRegen 1.03/turn               f - ring of willpower
MPRegen 0.11/turn               w - +4 ring of slaying

@: spiked
A: large, unfitting armour, claws 3, regeneration 1, shaggy fur 1, tough skin 1
a: Renounce Religion, Berserk, Trog's Hand, Brothers in Arms


You were on level 7 of the Dungeon.
You worshipped Trog.
Trog was greatly pleased with you.
You visited 1 branch of the dungeon, and saw 7 of its levels.
You also visited: Sewer.

You collected 171 gold pieces.

Inventory:

Missiles
 m - 7 boomerangs (quivered)
 n - 2 throwing nets
 o - 18 poisoned darts
Armour
 a - a +0 animal skin (worn)
Jewellery
 f - a ring of willpower (left claw)
 w - a +4 ring of slaying (right claw)
Scrolls
 b - a scroll of fear {unknown}
 c - a scroll of teleportation {unknown}
 d - a scroll of vulnerability
 i - a scroll of holy word {unknown}
 j - a scroll of enchant weapon {unknown}
 k - a scroll of immolation {unknown}
 u - 2 scrolls of blinking
Potions
 e - a potion of curing {unknown}
 g - a potion of resistance {unknown}
 h - a potion of brilliance {unknown}
 l - 2 potions of cancellation
 p - 4 potions of heal wounds
 q - a potion of might {unknown}
 r - a potion of mutation {unknown}
 s - a potion of magic {unknown}
 t - a potion of haste {unknown}
 v - 2 potions of ambrosia {unknown}
 x - a potion of degeneration {unknown}
 z - 2 potions of lignification {unknown}
 A - 2 potions of flight {unknown}


   Skills:
 - Level 3.0 Fighting
 - Level 3.0 Dodging
 * Level 11.9 Unarmed Combat


You had 8 spell levels left.
You didn't know any spells.
Your spell library was empty.

Dungeon Overview and Level Annotations

Branches:
Dungeon (7/15)             Temple (0/1) D:6           Sewer (visited)

Altars:
Ashenzari
Cheibriados
Dithmenos
Gozag
Kikubaaqudgha
Okawaru
Sif Muna
Uskayaw
The Shining One


Innate Abilities, Weirdness & Mutations

You are too large for most types of armour.
You have claws for hands.
Your natural rate of healing is unusually fast.
You are covered in fur. (AC +1)
You have tough skin. (AC +1)


Message History

You scratch something. Trog accepts your kill.
Trog appreciates your killing of a magic user.
Reactivating autopickup.
You feel a bit more experienced.
You scratch the orc.
The orc is heavily wounded.
The orc hits you with a +0 war axe.
You closely miss the orc. You claw the orc.
You kill the orc!
Trog accepts your kill.
Items here: ))) [ †.
You start waiting.
Done waiting.
A manticore comes into view.
The manticore bites you!! The manticore barely misses you.
The manticore claws you!
You mangle the manticore!! You claw the manticore.
The manticore is heavily wounded.
You claw the manticore!
The manticore is severely wounded.
The manticore bites you!
The manticore claws you but does no damage.
The manticore claws you!
You scratch the manticore.
The manticore is severely wounded.
The manticore bites you!
* * * LOW HITPOINT WARNING * * *
The manticore barely misses you. x2
You closely miss the manticore.
The manticore is severely wounded.
The manticore bites you!
* * * LOW HITPOINT WARNING * * *
The manticore claws you!
* * * LOW HITPOINT WARNING * * *
The manticore barely misses you.
The manticore flicks its tail.
The volley of spikes hits you!
The barbed spikes become lodged in your body.
You die...

#.#.#. .#.#.##
........# #..#.#..#
#.[#.#..######♣. ##
#..#..........≈. ..
#..###.H#######≈
###.###..# #..########
.........###@.........
#........)..########
###.###.#####.#
..........<^..#
###############


You could see a manticore.

Vanquished Creatures
  Sigmund (D:2)
  An ice beast (D:5)
  A necrophage (D:5)
  An ogre (D:6)
  2 phantoms (D:5)
  A centaur (D:5)
  A gnoll sergeant (D:6)
  A scorpion (D:4)
  A wyvern skeleton (D:5)
  A water moccasin skeleton (D:5)
  5 killer bees (D:6)
  A bullfrog zombie (D:6)
  A centaur zombie (D:5)
  3 hounds
  2 jellies
  3 orc priests
  A gnoll shaman (D:6)
  2 bullfrog skeletons
  3 iguanas
  3 orc wizards
  A killer bee zombie (D:5)
  2 hound skeletons (D:5)
  A howler monkey zombie (D:6)
  12 gnolls
  9 adders
  2 river rats (Sewer)
  A white imp (D:6)
  An adder skeleton (D:4)
  An adder zombie (D:5)
  4 worms
  A dart slug (D:4)
  27 orcs
  7 bats
  18 endoplasms
  8 giant cockroaches
  2 goblins
  9 hobgoblins
  3 jackals (D:4)
  6 quokkas
  9 ball pythons
  11 frilled lizards
  2 kobolds (D:4)
  7 rats
179 creatures vanquished.

Vanquished Creatures (others)
  5 fungi (D:6)
5 creatures vanquished.

Grand Total: 184 creatures vanquished

Notes
Turn   | Place    | Note
-------+----------+-------------------------------------------
     0 | D:1      | GloriousHammer the Troll Berserker began the quest for the
                  | Orb.
     0 | D:1      | Reached XP level 1. HP: 22/22 MP: 0/0
     6 | D:1      | Noticed a hound
     6 | D:1      | Noticed an iguana
     6 | D:1      | Noticed a redback
     7 | D:1      | Noticed a water moccasin
   146 | D:1      | Reached XP level 2. HP: 29/29 MP: 1/1
   198 | D:1      | Found a faded altar of an unknown god.
   572 | D:2      | Reached XP level 3. HP: 31/36 MP: 2/2
   605 | D:2      | Reached ** piety under Trog
   676 | D:2      | Reached skill level 4 in Unarmed Combat
   900 | D:2      | Reached XP level 4. HP: 44/44 MP: 3/3
  1031 | D:2      | Noticed Sigmund
  1078 | D:2      | Killed Sigmund
  1079 | D:2      | Reached skill level 5 in Unarmed Combat
  1079 | D:2      | Reached XP level 5. HP: 53/53 MP: 4/4
  1722 | D:3      | Reached skill level 6 in Unarmed Combat
  1950 | D:3      | Reached XP level 6. HP: 53/61 MP: 5/5
  2606 | D:4      | Found a glowing drain.
  2623 | Sewer    | Entered a sewer
  2684 | Sewer    | Reached skill level 7 in Unarmed Combat
  2707 | Sewer    | Reached *** piety under Trog
  2771 | Sewer    | Found a viscous altar of Jiyva.
  3043 | D:4      | Found a snail-covered altar of Cheibriados.
  3061 | D:4      | Reached XP level 7. HP: 61/67 MP: 6/6
  3062 | D:4      | Found a shadowy altar of Dithmenos.
  3069 | D:4      | Found a broken altar of Ashenzari.
  3071 | D:4      | Found an opulent altar of Gozag.
  3077 | D:4      | Found a shimmering blue altar of Sif Muna.
  3401 | D:5      | Entered Level 5 of the Dungeon
  3623 | D:5      | Reached skill level 8 in Unarmed Combat
  3631 | D:5      | Found an ancient bone altar of Kikubaaqudgha.
  3894 | D:5      | Reached **** piety under Trog
  3931 | D:5      | Found an iron altar of Okawaru.
  3960 | D:5      | Reached skill level 9 in Unarmed Combat
  4004 | D:5      | Reached XP level 8. HP: 66/75 MP: 7/7
  4020 | D:5      | Reached skill level 10 in Unarmed Combat
  4228 | D:5      | Found a glowing golden altar of the Shining One.
  4802 | D:6      | Reached skill level 11 in Unarmed Combat
  5073 | D:6      | Found a staircase to the Ecumenical Temple.
  5116 | D:6      | Reached XP level 9. HP: 81/81 MP: 8/8
  5590 | D:6      | Found a hide-covered altar of Uskayaw.
  5852 | D:7      | Noticed a manticore
  5863 | D:7      | HP: 2/81 [manticore (11)]
  5865 | D:7      | Killed from afar by a manticore

Illustrated notes

Levels and vault maps discovered:
D:1:      onia_arrival_zoo_common, layout_rooms,
          shapermc_ecumenical_altar_acropolis, serial_glass, glass_columns_b,
          glass_columns_b, minmay_large_rounded_square, minmay_misc_feat_alley
D:2:      layout_basic, uniq_sigmund
D:3:      layout_basic, minivault_5, nicolae_figureground_sparkle
D:4:      layout_basic, nicolae_overflow_hallway_of_the_gods,
          cheibrodos_sewer_entry_bend, kennysheep_generic_room_15
D:5:      layout_rooms, okawaru_metal_pillars_1_2, lemuel_crystal_altar,
          mainiacjoe_overflow_small_starburst, minmay_starry_boxes
D:6:      layout_loops_corners, general_overflow_altar,
          minmay_temple_entry_ruins, serial_aquarium,
          aquarium_bridge_long_separate [aquarium_subvault_bridge,
          aquarium_subvault_balcony, aquarium_subvault_bridge,
          aquarium_subvault_bridge, aquarium_subvault_wall,
          aquarium_subvault_bridge], aquarium_window_1, aquarium_window_2,
          aquarium_window_fake, aquarium_view_2d, aquarium_view_2c,
          aquarium_balcony_double_4
D:7:      layout_loops_ring, old_standard_altar, gammafunk_ghost_stat_death,
          serial_rivers, chequers_serial_rivers_micro_d,
          chequers_serial_rivers_micro_a, chequers_serial_rivers_small_3,
          chequers_serial_rivers_marsh, chequers_serial_rivers_micro_b,
          chequers_serial_rivers_marsh, uniq_joseph

Skill      XL: |  1  2  3  4  5  6  7  8 |
---------------+-------------------------+-----
Unarmed Combat | 4 5 6 7 9 11 | 11.9
Fighting       | 3 |  3.0
Dodging        | 3 |  3.0

Action                   |  1- 3 |  4- 6 |  7- 9 || total
-------------------------+-------+-------+-------++-------
Melee: Unarmed           |    91 |   218 |   177 ||   486
       Punch             |     1 |     6 |    18 ||    25
Throw: Boomerang         |       |       |     2 ||     2
Invok: Trog's Hand       |       |     2 |     1 ||     3
       Berserk           |       |     1 |       ||     1
  Use: Scroll            |       |       |     4 ||     4
 Stab: Sleeping          |       |     1 |       ||     1
Armor: Animal skin       |    38 |    62 |    25 ||   125
Dodge: Dodged            |    42 |    99 |    74 ||   215
